AoeStats
← diekaiserwurst

Nomad

510375935Analyzed
2v2 RM · 2d ago on Sep 30, 2026· 26m 0s· 4 players
Game mode
Random Map
Map size
176×176
Population
200
Speed
Normal
Resources
Standard
Victory
Conquest
Starting age
Dark Age
Ending age
Imperial Age
RankedLock teamsTeams togetherTeam positionsShared explorationLock speedFull tech treeHidden civsTurbo modeCheats
Victory
Defeat
🇦🇹 Varangians · Austria
1200
+13
🇦🇹 Malay · Austria
1192
+14
🇺🇸 Japanese · United States
1163
-14
🇧🇷 Britons · Brazil
1119
-13
leedog64
4:49 Loom
15:33 Feudal Age
17:23 Scale Mail Armor
17:33 Forging
19:26 Castle Age
17:22 Gold Mining
18:28 Man-at-Arms
19:18 Arson
19:37 Arson
20:24 Chain Mail Armor
20:45 Iron Casting
19:43 Long Swordsman
20:38 Gambesons
20:56 Squires
DKT | BRESSAN
4:20 Loom
14:36 Feudal Age
15:36 Double-Bit Axe
17:45 Wheelbarrow
17:00 Horse Collar
17:16 Stone Mining
19:43 Castle Age
19:15 Wheelbarrow
18:35 Gold Mining
21:25 Bow Saw
diekaiserwurst
9:19 Loom
14:42 Feudal Age
15:18 Wheelbarrow
14:30 Double-Bit Axe
19:22 Castle Age
19:45 Hand Cart
18:53 Man-at-Arms
20:30 Long Swordsman
23:57 Arson
24:55 Forging
chopper
4:54 Loom
13:52 Feudal Age
18:10 Castle Age
19:53 Double-Bit Axe
20:39 Scale Barding Armor
21:17 Bow Saw
22:37 Forging
Connection lost

Rejoining the realm…

Still unreachable

The connection could not be restored.

Session expired

The server has moved on; the page needs a fresh start.